 Dungeon Crawl Stone Soup version 0.31-a0-321-g19405a7a6a (webtiles) character file.

Game seed: 12317999701319344962

1007 zazu2006 the Charlatan (level 8, 0/63 HPs)
             Began as a Gnoll Wanderer on July 17, 2023.
             Was an Initiate of Vehumet.
             Killed from afar by a steam dragon (21 damage)
             ... with a ball of steam
             ... on level 6 of the Dungeon.
             The game lasted 00:07:29 (5551 turns).

zazu2006 the Charlatan (Gnoll Wanderer)             Turns: 5551, Time: 00:07:30

Health: 0/63       AC:  2    Str: 10    XL:     8   Next: 20%
Magic:  14/14      EV: 13    Int: 12    God:    Vehumet [......]
Gold:   191        SH:  0    Dex: 15    Spells: 15/15 levels left

rFire   . . .        a - +2 quarterstaff
rCold   . . .        (shield currently unavailable)
rNeg    . . .        d - +0 robe
rPois   .            (helmet currently unavailable)
rElec   .            (cloak currently unavailable)
rCorr   .            (gloves currently unavailable)
SInv    .            (boots currently unavailable)
Will    .....        (no amulet)
Stlth   ++           (no ring)
HPRegen 0.30/turn    (no ring)
MPRegen 0.14/turn

%: no passive effects
@: beast-form
A: beast (slay +1), fangs 1, strong nose, distributed training
a: Begin Untransformation, Renounce Religion


You were on level 6 of the Dungeon.
You worshipped Vehumet.
Vehumet was noncommittal.
You were a hulking beast.
You visited 1 branch of the dungeon, and saw 6 of its levels.

You collected 191 gold pieces.

Inventory:

Hand Weapons
 a - a +2 quarterstaff (weapon)
 p - a +2 short sword of flaming
Armour
 d - a +0 robe (worn)
 n - a +0 leather armour
 u - the +1 pair of gloves of Space {+Inv rN+ Str+4 Dex-2}
   (You found it on level 3 of the Dungeon)

   Str:       It affects your strength (+4).
   Dex:       It affects your dexterity (-2).
   rN:        It protects you from negative energy.
   +Inv:      It lets you turn invisible.
Jewellery
 q - a ring of protection from fire
 r - a ring of poison resistance
Talismans
 f - a beast talisman
 D - a serpent talisman
Wands
 b - a wand of flame (2) (quivered)
 w - a wand of acid (16)
 A - a wand of iceblast (11)
Scrolls
 e - 7 scrolls of identify {unknown}
 h - a scroll of teleportation {unknown}
 j - a scroll of fog {unknown}
 l - a scroll of immolation {unknown}
 m - 3 scrolls of enchant armour {unknown}
 s - 2 scrolls of blinking {unknown}
 t - a scroll of amnesia {unknown}
 y - 2 scrolls of silence {unknown}
 z - 2 scrolls of vulnerability {unknown}
 E - a scroll of acquirement {unknown}
Potions
 c - a potion of lignification
 g - a potion of degeneration {unknown}
 i - a potion of resistance {unknown}
 k - 6 potions of curing
 o - a potion of magic {unknown}
 v - a potion of ambrosia {unknown}
 x - a potion of attraction {unknown}
 B - 3 potions of mutation {unknown}
 C - a potion of heal wounds {unknown}


   Skills:
 + Level 5.6 Fighting
 + Level 3.1 Short Blades
 + Level 3.1 Long Blades
 + Level 3.1 Axes
 + Level 3.1 Maces & Flails
 + Level 3.1 Polearms
 + Level 7.3 Staves
 + Level 3.1 Ranged Weapons
 + Level 3.1 Throwing
 + Level 3.1 Armour
 + Level 3.1 Dodging
 + Level 3.1 Stealth
 + Level 3.1 Shields
 + Level 3.1 Unarmed Combat
 + Level 4.2 Spellcasting
 + Level 2.5 Conjurations
 + Level 2.5 Hexes
 + Level 2.5 Summonings
 + Level 2.5 Necromancy
 + Level 2.5 Translocations
 + Level 3.3 Transmutations
 + Level 2.5 Fire Magic
 + Level 2.5 Ice Magic
 + Level 2.5 Air Magic
 + Level 2.5 Earth Magic
 + Level 2.5 Poison Magic
 + Level 3.4 Invocations
 + Level 7.3 Evocations
 + Level 2.5 Shapeshifting


You had 15 spell levels left.
You didn't know any spells.
Your spell library contained the following spells:

 Spells                   Type           Power      Damage    Failure   Level
 Sting                    Tmut/Pois      36%        1d4       6%          1
 Freeze                   Ice            32%        1d5       8%          1
 Wereblood                Tmut           10%        N/A       9%          2
 Passwall                 Tmut/Erth      7%         N/A       10%         2
 Poisonous Vapours        Pois/Air       16%        N/A       12%         2
 Ignite Poison            Fire/Tmut/Pois 9%         N/A       21%         3
 Dazzling Flash           Conj/Hex       16%        N/A       22%         3
 Frozen Ramparts          Ice            16%        1d3       22%         3
 Hailstorm                Conj/Ice       8%         3d4       22%         3
 Volatile Blastmotes      Fire/Tloc      16%        2d11      22%         3
 Olgreb's Toxic Radiance  Pois           8%         N/A       58%         4
 Sticky Flame             Conj/Fire      8%         2d3       58%         4
 Conjure Ball Lightning   Conj/Air       4%         3x3d6     100%        6
 Starburst                Conj/Fire      4%         6d3       100%        6
 Discord                  Hex            4%         N/A       100%        8
 Disjunction              Tloc           4%         N/A       100%        8
 Ignition                 Fire           4%         3d4       100%        8
 Maxwell's Capacitive Co  Air            4%         ∞         100%        8


Dungeon Overview and Level Annotations

Branches:
Dungeon (6/15)
 Temple: D:4-7

Altars:
Ashenzari
Kikubaaqudgha
Nemelex Xobeh
Ru
Vehumet
Xom

Annotations:
D:4 3 runed translucent doors, XomNomNom's ghost, novice DjMo


Innate Abilities, Weirdness & Mutations

You are a hulking beast.
Your limbs bulge with bestial killing power. (Slay +1)
You have very sharp teeth.
Your uncanny sense of smell can sniff out nearby items.
Your experience applies equally to all skills.


Message History

Your Long Blades skill increases to level 3!
Your Axes skill increases to level 3!
Your Maces & Flails skill increases to level 3!
Your Polearms skill increases to level 3!
Your Ranged Weapons skill increases to level 3!
Your Throwing skill increases to level 3!
Your Armour skill increases to level 3!
Your Dodging skill increases to level 3!
Your Stealth skill increases to level 3!
Your Shields skill increases to level 3!
Your Unarmed Combat skill increases to level 3!
m - 3 scrolls labelled MOLIPA IBUTTUU (gained 1)
Things that are here:
a +0 falchion; a +0 robe
Things that are here:
a +0 great sword; a +0 robe
Things that are here:
a +2 war axe of freezing; a +0 robe You pick up a book of Chaos and begin reading...
You add the spells Conjure Ball Lightning, Disjunction and Discord to your library.
Okay, then.
A steam dragon comes into view.
A wight comes into view. It is wielding a +0 battleaxe.
The steam dragon hisses angrily.
The wight throws a stone.
The stone hits you!
The wight throws a stone.
The stone hits you! The steam dragon breathes steam at you.
The ball of steam hits you!!
You are engulfed in a cloud of scalding steam.
Aiming: Corrosive Bolt
Press: ? - help, Shift-Dir - straight line, f - wight
Aim: a wight, wielding a +0 battleaxe, wearing a +0 robe and quivering stones (74% to hit)
The bolt of acid hits the steam dragon!
The acid corrodes the steam dragon!
The steam dragon is moderately wounded.
The bolt of acid hits the wight!
The acid corrodes the wight!
You destroy the wight!
Vehumet accepts your kill. The steam dragon breathes steam at you.
The ball of steam hits you!!
You die...

#######.####.# ####
....(........# #... ∆
#######)###..# #.##
#######)###..####.#
..................#
....#.#).##..###### #
###.#.#..##..####### ###.#
#.#.#..##..)......
......####h§§#..##.########
#....).D..§§..##.#
#############.##. #.##.
#.... ####.


You could see a steam dragon (catching breath, corroded).

Vanquished Creatures
  Sigmund (D:2)
  A water moccasin (D:5)
  2 phantoms (D:4)
  A scorpion (D:5)
  5 wights (D:6)
  A howler monkey (D:5)
  A sleepcap (D:4)
  Natasha (D:3)
  Terence (D:2)
  3 gnolls (D:5)
  9 adders
  2 shadow imps (D:5)
  2 worms
  2 dart slugs (D:2)
  3 orcs
  8 endoplasms
  5 giant cockroaches
  8 goblins
  11 hobgoblins
  2 jackals (D:2)
  A quokka (D:3)
  5 ball pythons
  6 bats
  5 frilled lizards
  4 kobolds
  3 rats
93 creatures vanquished.

Notes
Turn   | Place    | Note
-------+----------+-------------------------------------------
     0 | D:1      | zazu2006 the Gnoll Wanderer began the quest for the Orb.
     0 | D:1      | zazu2006 set off with the following items: a +2
                  | quarterstaff, a wand of flame (5), a potion of
                  | lignification, a +0 robe; and the following spells
                  | available to memorise: Wereblood, Passwall.
     0 | D:1      | Reached XP level 1. HP: 20/20 MP: 4/4
   158 | D:1      | Reached XP level 2. HP: 25/26 MP: 5/5
   295 | D:1      | Found a faded altar of an unknown god.
   813 | D:2      | Noticed Terence
   844 | D:2      | Killed Terence
   845 | D:2      | Reached skill level 1 in Short Blades
   845 | D:2      | Reached skill level 1 in Long Blades
   845 | D:2      | Reached skill level 1 in Axes
   845 | D:2      | Reached skill level 1 in Maces & Flails
   845 | D:2      | Reached skill level 1 in Polearms
   845 | D:2      | Reached skill level 1 in Ranged Weapons
   845 | D:2      | Reached skill level 1 in Throwing
   845 | D:2      | Reached skill level 1 in Armour
   845 | D:2      | Reached skill level 1 in Dodging
   845 | D:2      | Reached skill level 1 in Stealth
   845 | D:2      | Reached skill level 1 in Shields
   845 | D:2      | Reached skill level 1 in Unarmed Combat
   845 | D:2      | Reached skill level 1 in Invocations
   845 | D:2      | Reached XP level 3. HP: 11/31 MP: 7/7
  1148 | D:2      | Reached XP level 4. HP: 33/38 MP: 8/8
  1225 | D:2      | Reached skill level 1 in Conjurations
  1225 | D:2      | Reached skill level 1 in Hexes
  1225 | D:2      | Reached skill level 1 in Summonings
  1225 | D:2      | Reached skill level 1 in Necromancy
  1225 | D:2      | Reached skill level 1 in Translocations
  1225 | D:2      | Reached skill level 1 in Fire Magic
  1225 | D:2      | Reached skill level 1 in Ice Magic
  1225 | D:2      | Reached skill level 1 in Air Magic
  1225 | D:2      | Reached skill level 1 in Earth Magic
  1225 | D:2      | Reached skill level 1 in Poison Magic
  1225 | D:2      | Reached skill level 1 in Shapeshifting
  1542 | D:2      | Noticed Sigmund
  1550 | D:2      | Killed Sigmund
  1551 | D:2      | Reached XP level 5. HP: 41/43 MP: 8/10
  1551 | D:2      | Reached XP level 6. HP: 48/50 MP: 8/11
  1867 | D:2      | Reached skill level 5 in Fighting
  2110 | D:3      | Found a shimmering altar of Xom.
  2230 | D:3      | Identified the +1 pair of gloves of Space {+Inv rN+ Str+4
                  | Dex-2}
  2376 | D:3      | Noticed Natasha
  2377 | D:3      | Found a broken altar of Ashenzari.
  2391 | D:3      | Killed Natasha
  2517 | D:3      | Found a sparkling altar of Nemelex Xobeh.
  2517 | D:3      | Noticed Natasha
  2617 | D:3      | Found a radiant altar of Vehumet.
  2778 | D:3      | Became a worshipper of Vehumet
  3248 | D:4      | Found a runed translucent gate.
  3248 | D:4      | Found a runed translucent gate.
  3251 | D:4      | Found a runed translucent gate.
  3251 | D:4      | Noticed XomNomNom's ghost (novice DjMo)
  3458 | D:4      | Reached XP level 7. HP: 44/56 MP: 12/12
  4351 | D:5      | Entered Level 5 of the Dungeon
  4632 | D:5      | HP: 4/84 [water moccasin (4)]
  5252 | D:5      | Found an ancient bone altar of Kikubaaqudgha.
  5252 | D:5      | Found a sacrificial altar of Ru.
  5349 | D:6      | Reached XP level 8. HP: 15/59 MP: 14/14
  5551 | D:6      | Killed from afar by a steam dragon

Illustrated notes

Levels and vault maps discovered:
D:1:      psy_arrival_whirlpool, layout_loops_ring,
          hellmonk_ecumenical_altar_heavens_door
D:2:      minmay_angry_zag, layout_basic, serial_bayou_pond_e,
          chequers_arboretum, uniq_terence, uniq_sigmund
D:3:      layout_loops_ring, nicolae_vehumet_altar_sigil,
          nemelex_spade_bored_becter, mainiacjoe_overflow_paths,
          mainiacjoe_overflow_small_starburst, uniq_natasha
D:4:      layout_basic, ebering_ghost_rock_garden, minmay_misc_feat_five
D:5:      layout_basic, gammafunk_temple_overflow_elements
D:6:      layout_loops_ring

Skill      XL: |  1  2  3  4  5  6  7  8 |
---------------+-------------------------+-----
Transmutations | 2 3 |  3.3
Short Blades   | 1 2 3 |  3.1
Long Blades    | 1 2 3 |  3.1
Axes           | 1 2 3 |  3.1
Maces & Flails | 1 2 3 |  3.1
Polearms       | 1 2 3 |  3.1
Ranged Weapons | 1 2 3 |  3.1
Throwing       | 1 2 3 |  3.1
Armour         | 1 2 3 |  3.1
Dodging        | 1 2 3 |  3.1
Stealth        | 1 2 3 |  3.1
Shields        | 1 2 3 |  3.1
Unarmed Combat | 1 2 3 |  3.1
Invocations    | 1 2 3 |  3.4
Spellcasting   | 3 4 |  4.2
Conjurations   | 1 2 |  2.5
Hexes          | 1 2 |  2.5
Summonings     | 1 2 |  2.5
Necromancy     | 1 2 |  2.5
Translocations | 1 2 |  2.5
Fire Magic     | 1 2 |  2.5
Ice Magic      | 1 2 |  2.5
Air Magic      | 1 2 |  2.5
Earth Magic    | 1 2 |  2.5
Poison Magic   | 1 2 |  2.5
Shapeshifting  | 1 2 |  2.5
Fighting       | 5 |  5.6
Staves         | 7 |  7.3
Evocations     | 7 |  7.3

Action                     |  1- 3 |  4- 6 |  7- 9 || total
---------------------------+-------+-------+-------++-------
  Melee: Quarterstaff      |    74 |   117 |    78 ||   269
         Bite              |     8 |    11 |    15 ||    34
  Evoke: Wand              |     3 |       |     3 ||     6
    Use: Potion            |       |       |     2 ||     2
   Stab: Sleeping          |     1 |     4 |     3 ||     8
 Armour: Robe              |    19 |    11 |     5 ||    35
         Skin              |       |       |     2 ||     2
  Dodge: Dodged            |    48 |    65 |    31 ||   144
   Form: Beast             |     1 |       |       ||     1

Table legend: (Time is in decaauts)
 A = Elapsed time spent in this place.
 B = Non-inter-level travel time spent in this place.
 C = Inter-level travel time spent in this place.
 D = Time resting spent in this place.
 E = Time spent auto-exploring this place.
 F = Levels seen in this place.
 G = Mean time per level.
                   A        B        C        D        E       F      G
               +--------+--------+--------+--------+--------+-----+--------+
         Total |   5542 |   5263 |    279 |    175 |   4313 |   6 |  923.7 |
       Dungeon |   5542 |   5263 |    279 |    175 |   4313 |   6 |  923.7 |
               +--------+--------+--------+--------+--------+-----+--------+

Top non-repeatable levels by time:
     D:2: 1296 daAuts
     D:4: 1264 daAuts
     D:3: 972 daAuts
     D:5: 951 daAuts
     D:1: 812 daAuts
     D:6: 246 daAuts
